Punishers vs Griffins
Created - June 13, 2022 at 19:02
Goals
|
| Punishers |
0 |
1 |
0 |
1 |
2 |
| Griffins |
1 |
0 |
0 |
0 |
1 |
|
Shots
|
| Punishers |
11 |
7 |
8 |
1 |
27 |
| Griffins |
11 |
11 |
8 |
2 |
32 |
|
1st period
1. Griffins , Mathew Barzal 15 (Adam Gaudette 45, Lucas Lessio 45) at 14:24
Penalties :
No Penalty
2nd period
2. Punishers , Carter Ashton 34 (Oskar Lindblom 12, Alex Petrovic 6) at 0:34
Penalties :
Vladislav Namestnikov (Gra) for Diving (Minor) at 3:39, Mathew Barzal (Gra) for Hooking (Minor) at 12:07, Danny Kristo (Gra) for Hooking (Minor) at 19:54
3rd period
No Goal
Penalties :
Phil Oreskovic (Gra) for Hooking (Minor) at 2:00, John Quenneville (Pro) for Goalie Interference (Minor) at 7:40, Patrick Wiercioch (Gra) for Delaying the game (Minor) at 10:11, Fredrik Claesson (Pro) for Hooking (Minor) at 14:14, Michael Joly (Pro) for Goalie Interference (Minor) at 18:47
Overtime #1
3. Punishers , Corey Tropp 51 (Brett Kulak 19, Alex Petrovic 7) at 4:31
Penalties :
No Penalty
Goalie Stats
Daniel Altshuller (Pro), 31 saves from 32 shots - (0.969), W, 7-9-1, 64:31 minutes
Olivier Roy (Gra), 25 saves from 27 shots - (0.926), OTL, 25-22-5, 64:31 minutes
Players Stats for Punishers
Player Name G A P +/- PIM S H SB GA TA FO MP PP MP PK MP
------------------------------------------------------------------------------------
Alex Petrovic 0 2 2 2 0 1 2 0 1 1 0/0 28:38 5:25 3:37
Alex Schoenborn 0 0 0 0 0 1 1 0 0 0 0/0 5:32 0:01 0:00
Alexander Nylander 0 0 0 0 0 0 0 0 0 0 0/0 0:59 0:00 0:00
Anton Blidh 0 0 0 0 0 1 5 0 0 0 0/0 12:36 0:00 0:51
Artem Zub 0 0 0 -1 0 1 1 3 0 0 0/0 23:38 4:30 2:20
Austen Brassard 0 0 0 0 0 0 1 0 0 0 0/0 11:06 0:00 0:00
Austin Wagner 0 0 0 0 0 0 0 0 0 0 0/0 0:00 0:00 0:00
Beck Malenstyn 0 0 0 -1 0 2 1 0 0 0 0/0 8:00 0:00 0:00
Brett Kulak 0 1 1 2 0 0 2 0 0 0 0/0 28:05 5:25 3:37
Carter Ashton 1 0 1 1 0 3 0 1 1 0 0/0 18:13 4:41 1:12
Corey Tropp 1 0 1 1 0 6 2 0 2 2 3/5 23:49 5:14 3:25
Daniel Audette 0 0 0 0 0 0 2 0 0 0 5/8 11:59 0:00 0:28
Fredrik Claesson 0 0 0 0 2 1 1 0 0 0 0/0 13:01 0:00 0:00
Gabriel Gagne 0 0 0 0 0 0 1 0 0 0 0/0 1:54 0:00 1:04
John Quenneville 0 0 0 1 2 3 3 0 0 0 4/11 16:07 4:41 0:00
Michael Joly 0 0 0 -1 2 2 0 1 0 1 0/0 15:36 0:00 0:00
Nicolas Roy 0 0 0 -1 0 1 0 0 0 0 1/3 8:00 0:00 0:00
Noah Juulsen 0 0 0 -1 0 0 1 0 1 0 0/0 23:37 4:30 2:20
Oskar Lindblom 0 1 1 1 0 1 1 0 0 0 0/0 15:57 4:41 0:00
Phillip Danault 0 0 0 0 0 1 4 0 0 0 0/0 21:38 5:14 1:12
Radek Faksa 0 0 0 1 0 3 2 0 2 1 20/30 23:39 5:13 2:55
Players Stats for Griffins
Player Name G A P +/- PIM S H SB GA TA FO MP PP MP PK MP
------------------------------------------------------------------------------------
Adam Gaudette 0 1 1 1 0 2 1 0 0 0 0/0 16:15 2:17 0:00
Brendan Woods 0 0 0 0 0 1 2 0 0 0 0/0 13:49 0:00 5:17
Danny Kristo 0 0 0 -2 2 3 3 1 1 0 1/2 19:54 2:52 2:18
Dmitri Orlov 0 0 0 0 0 2 2 4 0 2 0/0 26:14 2:53 5:08
Filip Hronek 0 0 0 1 0 0 0 3 0 0 0/0 17:43 0:00 2:13
Garrett Wilson 0 0 0 0 0 4 1 0 0 0 0/1 10:14 0:01 0:00
Greg McKegg 0 0 0 0 0 1 0 0 0 0 1/2 10:08 0:00 1:50
Ian McCoshen 0 0 0 1 0 1 0 1 0 0 0/0 15:45 0:00 0:00
Jesse Joensuu 0 0 0 -2 0 1 1 0 2 1 5/11 22:49 2:17 5:24
Lucas Lessio 0 1 1 1 0 6 3 1 1 2 0/0 19:31 2:52 1:48
Marcus Pettersson 0 0 0 0 0 2 1 0 0 1 0/0 25:43 2:53 4:55
Martin Frk 0 0 0 0 0 1 1 0 0 0 3/7 12:19 2:17 0:00
Mathew Barzal 1 0 1 1 2 3 3 0 0 0 6/16 17:56 2:52 0:14
Patrick Wiercioch 0 0 0 -2 2 1 3 0 0 0 0/0 19:35 0:00 3:34
Phil Oreskovic 0 0 0 -2 2 0 1 3 1 1 0/0 22:02 2:17 4:00
Sonny Milano 0 0 0 0 0 2 1 0 0 0 0/0 13:20 2:17 0:00
Troy Terry 0 0 0 0 0 1 0 0 0 0 0/1 8:56 0:01 0:00
Vladislav Namestnikov 0 0 0 -1 2 1 3 1 0 0 8/17 15:51 0:01 2:59
3 Stars
1 - Daniel Altshuller (Pro)
2 - Alex Petrovic (Pro)
3 - Corey Tropp (Pro)
Power Play
Punishers - 0 on 5 Attempt(s) - 0.00%
Griffins - 0 on 3 Attempt(s) - 0.00%
Penalty Kill
Punishers - 3 on 3 Attempt(s) - 100.00%
- Score 0 goal in Penalty Kill
Griffins - 5 on 5 Attempt(s) - 100.00%
- Score 0 goal in Penalty Kill
Team Stat
Punishers - Hits : 30 - Faceoff Wins : 33 - Blocked Shots : 5 - Penalty Minutes : 6
Griffins - Hits : 26 - Faceoff Wins : 24 - Blocked Shots : 14 - Penalty Minutes : 10
Official
Referees : Tim Peel and Pierre Lambert
Linesman : Brad Kovachik and Libor Suchanek
Game Notes
No Game Note
Finance
Level 1 -- Attendance: 1802 (90.10%) -- Ticket Income $63,070
Level 2 -- Attendance: 868 (86.80%) -- Ticket Income $13,020
Total Attendance: 2670 (89.00%)
Total Ticket Income: $76,090
Other Income: $3,804
Total Income: $79,894
Punishers
5 vs 5 Forward
Center Left Wing Right Wing Time % Phy DF OF
1 Radek Faksa Phillip Danault Corey Tropp 40 1 2 2
2 John Quenneville Oskar Lindblom Carter Ashton 30 1 2 2
3 Daniel Audette Anton Blidh Austen Brassard 20 1 2 2
4 Nicolas Roy Beck Malenstyn Michael Joly 10 1 2 2
5 vs 5 Defense
Defense Defense Time % Phy DF OF
1 Alex Petrovic Brett Kulak 40 1 2 2
2 Artem Zub Noah Juulsen 30 1 2 2
3 Fredrik Claesson Michael Joly 20 1 2 2
4 Alex Petrovic Brett Kulak 10 1 2 2
PowerPlay Forward
Center Left Wing Right Wing Time % Phy DF OF
1 Radek Faksa Phillip Danault Corey Tropp 60 1 2 2
2 John Quenneville Oskar Lindblom Carter Ashton 40 1 2 2
PowerPlay Defense
Defense Defense Time % Phy DF OF
1 Alex Petrovic Brett Kulak 60 1 2 2
2 Artem Zub Noah Juulsen 40 1 2 2
Penalty Kill 4 Players Forward
Center Wing Time % Phy DF OF
1 Corey Tropp Radek Faksa 60 1 2 2
2 Carter Ashton Phillip Danault 40 1 2 2
Penalty Kill 4 Players Defense
Defense Defense Time % Phy DF OF
1 Alex Petrovic Brett Kulak 60 1 2 2
2 Artem Zub Noah Juulsen 40 1 2 2
Penalty Kill - 3 Players Forward
Forward Time % Phy DF OF
1 Corey Tropp 60 1 2 2
2 Radek Faksa 40 1 2 2
Penalty Kill - 3 Players Defense
Defense Defense Time % Phy DF OF
1 Alex Petrovic Brett Kulak 60 1 2 2
2 Artem Zub Noah Juulsen 40 1 2 2
4 vs 4 Forward
Center Wing Time % Phy DF OF
1 Corey Tropp Radek Faksa 60 1 2 2
2 Carter Ashton Phillip Danault 40 1 2 2
4 vs 4 Defense
Defense Defense Time % Phy DF OF
1 Alex Petrovic Brett Kulak 60 1 2 2
2 Artem Zub Noah Juulsen 40 1 2 2
Last Minutes Offensive
Center Left Wing Right Wing Defense Defense
Radek Faksa Phillip Danault Corey Tropp Alex Petrovic Brett Kulak
Last Minutes Defensive
Center Left Wing Right Wing Defense Defense
Radek Faksa Phillip Danault Corey Tropp Alex Petrovic Brett Kulak
Goaltenders
Starting : Daniel Altshuller
Backup : Louis Domingue
Extra Forwards
Normal : Alex Schoenborn, Alexander Nylander, Gabriel Gagne - PP : Alex Schoenborn, Alexander Nylander - PK : Gabriel Gagne
Extra Defensemen
Normal : Fredrik Claesson, Artem Zub, Noah Juulsen - PP : Fredrik Claesson - PK : Artem Zub, Noah Juulsen
Penalty Shots
Corey Tropp, Radek Faksa, Carter Ashton, Phillip Danault, John Quenneville
Scratches
Ben Betker (Chest/Ribs Injury), Connor Clifton (Lower Body Injury), Niko Mikkola (Bruised Right Arm Injury), Zack Hamill (Bruised Left Arm Injury), Connor Ingram (Healthy)
Griffins
5 vs 5 Forward
Center Left Wing Right Wing Time % Phy DF OF
1 Vladislav Namestnikov Jesse Joensuu Danny Kristo 35 1 2 2
2 Mathew Barzal Lucas Lessio Adam Gaudette 35 1 2 2
3 Martin Frk Sonny Milano Garrett Wilson 20 1 2 2
4 Greg McKegg Brendan Woods Troy Terry 10 1 2 2
5 vs 5 Defense
Defense Defense Time % Phy DF OF
1 Dmitri Orlov Marcus Pettersson 40 1 2 2
2 Phil Oreskovic Patrick Wiercioch 30 1 2 2
3 Ian McCoshen Filip Hronek 20 1 2 2
4 Ian McCoshen Filip Hronek 10 1 2 2
PowerPlay Forward
Center Left Wing Right Wing Time % Phy DF OF
1 Mathew Barzal Lucas Lessio Danny Kristo 60 1 2 2
2 Martin Frk Jesse Joensuu Adam Gaudette 40 1 2 2
PowerPlay Defense
Defense Defense Time % Phy DF OF
1 Dmitri Orlov Marcus Pettersson 60 1 2 2
2 Phil Oreskovic Sonny Milano 40 1 2 2
Penalty Kill 4 Players Forward
Center Wing Time % Phy DF OF
1 Jesse Joensuu Brendan Woods 60 1 2 2
2 Vladislav Namestnikov Danny Kristo 40 1 2 2
Penalty Kill 4 Players Defense
Defense Defense Time % Phy DF OF
1 Dmitri Orlov Marcus Pettersson 60 1 2 2
2 Phil Oreskovic Patrick Wiercioch 40 1 2 2
Penalty Kill - 3 Players Forward
Forward Time % Phy DF OF
1 Brendan Woods 60 1 2 2
2 Jesse Joensuu 40 1 2 2
Penalty Kill - 3 Players Defense
Defense Defense Time % Phy DF OF
1 Dmitri Orlov Marcus Pettersson 60 1 2 2
2 Phil Oreskovic Patrick Wiercioch 40 1 2 2
4 vs 4 Forward
Center Wing Time % Phy DF OF
1 Danny Kristo Jesse Joensuu 60 1 2 2
2 Mathew Barzal Lucas Lessio 40 1 2 2
4 vs 4 Defense
Defense Defense Time % Phy DF OF
1 Dmitri Orlov Marcus Pettersson 60 1 2 2
2 Phil Oreskovic Patrick Wiercioch 40 1 2 2
Last Minutes Offensive
Center Left Wing Right Wing Defense Defense
Mathew Barzal Lucas Lessio Danny Kristo Dmitri Orlov Marcus Pettersson
Last Minutes Defensive
Center Left Wing Right Wing Defense Defense
Jesse Joensuu Brendan Woods Danny Kristo Phil Oreskovic Patrick Wiercioch
Goaltenders
Starting : Olivier Roy
Backup : Marcus Hogberg
Extra Forwards
Normal : Jesse Joensuu, Troy Terry, Sonny Milano - PP : Troy Terry, Vladislav Namestnikov - PK : Vladislav Namestnikov
Extra Defensemen
Normal : Ian McCoshen, Filip Hronek, Marcus Pettersson - PP : Ian McCoshen - PK : Filip Hronek, Marcus Pettersson
Penalty Shots
Danny Kristo, Adam Gaudette, Jesse Joensuu, Brendan Woods, Lucas Lessio
Scratches
Jack Ramsey (Healthy), Jordan Weal (Healthy), Konrad Abeltshauser (Healthy), Michael Bunting (Healthy), Nikita Pavlychev (Healthy)
Riley Armstrong (Broken Bone (Left Ankle) Injury), Ryan Mantha (Healthy), Ryan Pulock (Bruised Left Shoulder Injury), Tanner Kero (Healthy), Tomas Hyka (Healthy)
Ryan Lindgren (Healthy), Philippe Desrosiers (Healthy), Adam Werner (Healthy)
% Time on Ice - Punishers
Lines # - Real PCT - Wanted PCT - Time Play
Normal Forward
1 - 31% - 40% - 14:08
2 - 26% - 30% - 11:41
3 - 25% - 20% - 11:06
4 - 18% - 10% - 8:00
Normal Defense
1 - 34% - 40% - 15:15
2 - 33% - 30% - 14:56
3 - 26% - 20% - 11:52
4 - 6% - 10% - 2:52
PP Forward
1 - 53% - 60% - 5:14
2 - 47% - 40% - 4:41
PP Defense
1 - 55% - 60% - 5:25
2 - 45% - 40% - 4:30
PK Forward
1 - 77% - 60% - 3:58
2 - 23% - 40% - 1:12
PK Defense
1 - 55% - 60% - 2:50
2 - 45% - 40% - 2:20
PK3 Forward
1 - 100% - 60% - 0:47
2 - 0% - 40% - 0:00
PK3 Defense
1 - 100% - 60% - 0:47
2 - 0% - 40% - 0:00
44 Forward
1 - 83% - 60% - 3:05
2 - 17% - 40% - 0:39
44 Defense
1 - 65% - 60% - 2:25
2 - 35% - 40% - 1:19
Last Minute Offensive - 0:00
Last Minute Defensive - 0:00
Total
Forward - 64:31
Defense - 64:31
|
% Time on Ice - Griffins
Lines # - Real PCT - Wanted PCT - Time Play
Normal Forward
1 - 30% - 35% - 13:24
2 - 31% - 35% - 14:01
3 - 22% - 20% - 10:02
4 - 17% - 10% - 7:28
Normal Defense
1 - 36% - 40% - 16:03
2 - 31% - 30% - 13:56
3 - 23% - 20% - 10:28
4 - 10% - 10% - 4:28
PP Forward
1 - 56% - 60% - 2:53
2 - 44% - 40% - 2:17
PP Defense
1 - 56% - 60% - 2:53
2 - 44% - 40% - 2:17
PK Forward
1 - 70% - 60% - 6:55
2 - 30% - 40% - 3:00
PK Defense
1 - 51% - 60% - 5:01
2 - 49% - 40% - 4:54
PK3 Forward
1 - 0% - 60%
2 - 0% - 40%
PK3 Defense
1 - 0% - 60%
2 - 0% - 40%
44 Forward
1 - 77% - 60% - 3:29
2 - 23% - 40% - 1:02
44 Defense
1 - 59% - 60% - 2:41
2 - 41% - 40% - 1:50
Last Minute Offensive - 0:00
Last Minute Defensive - 0:00
Total
Forward - 64:31
Defense - 64:31
|
Play-by-Play
1st period
0:01 of 1st period - Radek Faksa wins face-off versus Vladislav Namestnikov in neutral zone.
0:10 of 1st period - Snap shot by Radek Faksa.
0:10 of 1st period - Shot Misses the Net.
1:32 of 1st period - Snap shot by Danny Kristo.
1:32 of 1st period - Stopped by Daniel Altshuller without a rebound.
1:33 of 1st period - Vladislav Namestnikov wins face-off versus John Quenneville in Punishers zone.
1:58 of 1st period - Radek Faksa is hit by Adam Gaudette and loses puck.
2:21 of 1st period - Austen Brassard is hit by Sonny Milano and loses puck.
2:52 of 1st period - Snap shot by Carter Ashton.
2:52 of 1st period - Stopped by Olivier Roy with a rebound.
3:10 of 1st period - Snap shot by Corey Tropp.
3:10 of 1st period - Stopped by Olivier Roy with a rebound.
4:00 of 1st period - Alex Petrovic is hit by Patrick Wiercioch and loses puck.
4:05 of 1st period - Wrist shot by Jesse Joensuu.
4:05 of 1st period - Stopped by Daniel Altshuller with a rebound.
4:07 of 1st period - Backhand shot by Marcus Pettersson.
4:07 of 1st period - Stopped by Daniel Altshuller with a rebound.
4:26 of 1st period - Radek Faksa is hit by Brendan Woods and loses puck.
4:40 of 1st period - Off-side.
4:41 of 1st period - John Quenneville wins face-off versus Mathew Barzal in neutral zone.
4:54 of 1st period - Snap shot by Lucas Lessio.
4:54 of 1st period - Stopped by Daniel Altshuller without a rebound.
4:55 of 1st period - Radek Faksa wins face-off versus Mathew Barzal in Punishers zone.
6:40 of 1st period - Nicolas Roy is hit by Vladislav Namestnikov.
6:52 of 1st period - Wrist shot by Sonny Milano.
6:52 of 1st period - Shot Misses the Net.
6:54 of 1st period - Snap shot by Martin Frk.
6:54 of 1st period - Shot Misses the Net.
6:56 of 1st period - Slapshot by Ian McCoshen.
6:56 of 1st period - Stopped by Daniel Altshuller without a rebound.
6:57 of 1st period - Radek Faksa wins face-off versus Martin Frk in Punishers zone.
7:11 of 1st period - Icing by Fredrik Claesson.
7:12 of 1st period - Radek Faksa wins face-off versus Mathew Barzal in Punishers zone.
7:17 of 1st period - Patrick Wiercioch is hit by Phillip Danault and loses puck.
7:41 of 1st period - Wrist shot by John Quenneville.
7:41 of 1st period - Deflect By Carter Ashton.
7:41 of 1st period - Shot Blocked by Phil Oreskovic.
7:41 of 1st period - Puck is out of play.
7:42 of 1st period - Vladislav Namestnikov wins face-off versus John Quenneville in Griffins zone.
8:14 of 1st period - Slapshot by Radek Faksa.
8:14 of 1st period - Shot Misses the Net.
8:16 of 1st period - Wrist shot by Radek Faksa.
8:16 of 1st period - Stopped by Olivier Roy with a rebound.
8:26 of 1st period - Wrist shot by Michael Joly.
8:26 of 1st period - Shot Misses the Net.
8:28 of 1st period - Wrist shot by Beck Malenstyn.
8:28 of 1st period - Stopped by Olivier Roy with a rebound.
8:32 of 1st period - Snap shot by Alex Schoenborn.
8:32 of 1st period - Stopped by Olivier Roy without a rebound.
8:33 of 1st period - Vladislav Namestnikov wins face-off versus Nicolas Roy in Griffins zone.
8:33 of 1st period - Vladislav Namestnikov is hit by Alex Schoenborn.
8:41 of 1st period - Slapshot by Nicolas Roy.
8:41 of 1st period - Stopped by Olivier Roy with a rebound.
9:54 of 1st period - Slapshot by Radek Faksa.
9:54 of 1st period - Shot Blocked by Filip Hronek.
9:56 of 1st period - Slapshot by Radek Faksa.
9:56 of 1st period - Shot Blocked by Lucas Lessio.
10:06 of 1st period - Ian McCoshen is hit by Alex Petrovic and loses puck.
11:06 of 1st period - Snap shot by Carter Ashton.
11:06 of 1st period - Shot Misses the Net.
11:35 of 1st period - Off-side.
11:36 of 1st period - Daniel Audette wins face-off versus Mathew Barzal in neutral zone.
12:01 of 1st period - Brett Kulak is hit by Danny Kristo and loses puck.
12:28 of 1st period - Snap shot by Alex Petrovic.
12:28 of 1st period - Shot Blocked by Dmitri Orlov.
12:30 of 1st period - Slapshot by Alex Petrovic.
12:30 of 1st period - Deflect By Beck Malenstyn.
12:30 of 1st period - Shot Misses the Net.
12:30 of 1st period - Puck is out of play.
12:31 of 1st period - Mathew Barzal wins face-off versus Nicolas Roy in Griffins zone.
12:31 of 1st period - Mathew Barzal is hit by Fredrik Claesson.
12:49 of 1st period - Snap shot by Michael Joly.
12:49 of 1st period - Shot Blocked by Dmitri Orlov.
12:51 of 1st period - Slapshot by Michael Joly.
12:51 of 1st period - Deflect By Beck Malenstyn.
12:51 of 1st period - Stopped by Olivier Roy with a rebound.
13:07 of 1st period - Wrist shot by Beck Malenstyn.
13:07 of 1st period - Deflect By Adam Gaudette.
13:07 of 1st period - Shot Misses the Net.
13:07 of 1st period - Puck is out of play.
13:08 of 1st period - Radek Faksa wins face-off versus Vladislav Namestnikov in Griffins zone.
13:09 of 1st period - Wrist shot by Phillip Danault.
13:09 of 1st period - Shot Misses the Net.
13:41 of 1st period - Snap shot by Carter Ashton.
13:41 of 1st period - Stopped by Olivier Roy with a rebound.
13:43 of 1st period - Slapshot by Brett Kulak.
13:43 of 1st period - Shot Misses the Net.
14:24 of 1st period - Slapshot by Mathew Barzal.
14:24 of 1st period - Goal by Mathew Barzal - Punishers : 0 - Griffins : 1.
14:25 of 1st period - Jesse Joensuu wins face-off versus Radek Faksa in neutral zone.
14:28 of 1st period - Snap shot by Jesse Joensuu.
14:28 of 1st period - Shot Misses the Net.
14:37 of 1st period - Off-side.
14:38 of 1st period - Radek Faksa wins face-off versus Vladislav Namestnikov in neutral zone.
14:51 of 1st period - Slapshot by Radek Faksa.
14:51 of 1st period - Shot Misses the Net.
14:53 of 1st period - Snap shot by Radek Faksa.
14:53 of 1st period - Shot Misses the Net.
15:03 of 1st period - Alex Petrovic is hit by Dmitri Orlov and loses puck.
15:08 of 1st period - Slapshot by Mathew Barzal.
15:08 of 1st period - Stopped by Daniel Altshuller without a rebound.
15:09 of 1st period - John Quenneville wins face-off versus Mathew Barzal in Punishers zone.
15:23 of 1st period - Noah Juulsen is hit by Patrick Wiercioch and loses puck.
16:05 of 1st period - Slapshot by Dmitri Orlov.
16:05 of 1st period - Deflect By Brendan Woods.
16:05 of 1st period - Stopped by Daniel Altshuller without a rebound.
16:06 of 1st period - Vladislav Namestnikov wins face-off versus Radek Faksa in Punishers zone.
16:13 of 1st period - Slapshot by Vladislav Namestnikov.
16:13 of 1st period - Shot Misses the Net.
16:21 of 1st period - Snap shot by Radek Faksa.
16:21 of 1st period - Stopped by Olivier Roy without a rebound.
16:22 of 1st period - John Quenneville wins face-off versus Mathew Barzal in Griffins zone.
16:25 of 1st period - Snap shot by John Quenneville.
16:25 of 1st period - Stopped by Olivier Roy with a rebound.
16:33 of 1st period - Snap shot by Adam Gaudette.
16:33 of 1st period - Stopped by Daniel Altshuller with a rebound.
16:35 of 1st period - Snap shot by Lucas Lessio.
16:35 of 1st period - Stopped by Daniel Altshuller with a rebound.
16:47 of 1st period - Marcus Pettersson is hit by Radek Faksa and loses puck.
16:52 of 1st period - Snap shot by Corey Tropp.
16:52 of 1st period - Stopped by Olivier Roy with a rebound.
17:06 of 1st period - Snap shot by Greg McKegg.
17:06 of 1st period - Shot Blocked by Michael Joly.
17:30 of 1st period - Snap shot by Corey Tropp.
17:30 of 1st period - Shot Misses the Net.
17:54 of 1st period - Slapshot by Adam Gaudette.
17:54 of 1st period - Shot Misses the Net.
17:56 of 1st period - Snap shot by Lucas Lessio.
17:56 of 1st period - Shot Misses the Net.
18:36 of 1st period - Brendan Woods is hit by Brett Kulak and loses puck.
18:51 of 1st period - Snap shot by Danny Kristo.
18:51 of 1st period - Stopped by Daniel Altshuller without a rebound.
18:52 of 1st period - Radek Faksa wins face-off versus Vladislav Namestnikov in Punishers zone.
19:03 of 1st period - Wrist shot by Radek Faksa.
19:03 of 1st period - Shot Misses the Net.
19:05 of 1st period - Wrist shot by Phillip Danault.
19:05 of 1st period - Shot Blocked by Dmitri Orlov.
19:07 of 1st period - Snap shot by Corey Tropp.
19:07 of 1st period - Shot Blocked by Danny Kristo.
19:39 of 1st period - Alex Petrovic is hit by Garrett Wilson.
19:48 of 1st period - Garrett Wilson is hit by Anton Blidh and loses puck.
Goals for this period are 0 for Punishers vs 1 for Griffins.
Shots for this period are 11 for Punishers vs 11 for Griffins.
2nd period
0:01 of 2nd period - Mathew Barzal wins face-off versus Radek Faksa in neutral zone.
0:06 of 2nd period - Snap shot by Mathew Barzal.
0:06 of 2nd period - Shot Misses the Net.
0:08 of 2nd period - Snap shot by Lucas Lessio.
0:08 of 2nd period - Stopped by Daniel Altshuller with a rebound.
0:10 of 2nd period - Slapshot by Patrick Wiercioch.
0:10 of 2nd period - Stopped by Daniel Altshuller with a rebound.
0:12 of 2nd period - Slapshot by Patrick Wiercioch.
0:12 of 2nd period - Shot Misses the Net.
0:32 of 2nd period - Wrist shot by Carter Ashton.
0:32 of 2nd period - Shot Hit the Post.
0:34 of 2nd period - Snap shot by Carter Ashton.
0:34 of 2nd period - Goal by Carter Ashton - Punishers : 1 - Griffins : 1.
0:35 of 2nd period - Vladislav Namestnikov wins face-off versus Radek Faksa in neutral zone.
1:02 of 2nd period - Snap shot by Lucas Lessio.
1:02 of 2nd period - Shot Misses the Net.
1:20 of 2nd period - Wrist shot by Greg McKegg.
1:20 of 2nd period - Stopped by Daniel Altshuller with a rebound.
1:22 of 2nd period - Wrist shot by Troy Terry.
1:22 of 2nd period - Stopped by Daniel Altshuller without a rebound.
1:23 of 2nd period - Greg McKegg wins face-off versus Radek Faksa in Punishers zone.
1:32 of 2nd period - Wrist shot by Corey Tropp.
1:32 of 2nd period - Stopped by Olivier Roy with a rebound.
1:48 of 2nd period - Ian McCoshen is hit by Daniel Audette and loses puck.
2:15 of 2nd period - Noah Juulsen is hit by Dmitri Orlov and loses puck.
2:22 of 2nd period - Mathew Barzal is hit by Oskar Lindblom and loses puck.
3:29 of 2nd period - Lucas Lessio is hit by John Quenneville and loses puck.
3:34 of 2nd period - Slapshot by Carter Ashton.
3:34 of 2nd period - Shot Misses the Net.
3:36 of 2nd period - Slapshot by Alex Petrovic.
3:36 of 2nd period - Stopped by Olivier Roy without a rebound.
3:37 of 2nd period - Danny Kristo wins face-off versus Radek Faksa in Griffins zone.
3:39 of 2nd period - Minor Penalty to Vladislav Namestnikov for Diving.
3:40 of 2nd period - Radek Faksa wins face-off versus Jesse Joensuu in Griffins zone.
4:22 of 2nd period - Danny Kristo is hit by Phillip Danault and loses puck.
5:39 of 2nd period - Penalty to Vladislav Namestnikov is over, Vladislav Namestnikov is back on ice.
5:48 of 2nd period - Snap shot by Sonny Milano.
5:48 of 2nd period - Stopped by Daniel Altshuller without a rebound.
5:49 of 2nd period - Daniel Audette wins face-off versus Garrett Wilson in Punishers zone.
5:49 of 2nd period - Daniel Audette is hit by Martin Frk.
5:55 of 2nd period - Snap shot by Daniel Audette.
5:55 of 2nd period - Shot Misses the Net.
6:25 of 2nd period - Snap shot by Martin Frk.
6:25 of 2nd period - Shot Misses the Net.
6:31 of 2nd period - Backhand shot by Sonny Milano.
6:31 of 2nd period - Shot Misses the Net.
6:57 of 2nd period - Wrist shot by Michael Joly.
6:57 of 2nd period - Stopped by Olivier Roy with a rebound.
6:59 of 2nd period - Snap shot by Michael Joly.
6:59 of 2nd period - Stopped by Olivier Roy with a rebound.
7:01 of 2nd period - Snap shot by Michael Joly.
7:01 of 2nd period - Shot Misses the Net.
7:03 of 2nd period - Slapshot by Fredrik Claesson.
7:03 of 2nd period - Stopped by Olivier Roy with a rebound.
7:05 of 2nd period - Snap shot by Fredrik Claesson.
7:05 of 2nd period - Shot Blocked by Filip Hronek.
7:22 of 2nd period - Snap shot by Garrett Wilson.
7:22 of 2nd period - Stopped by Daniel Altshuller without a rebound.
7:23 of 2nd period - Radek Faksa wins face-off versus Vladislav Namestnikov in Punishers zone.
7:23 of 2nd period - Radek Faksa is hit by Vladislav Namestnikov.
7:39 of 2nd period - Slapshot by Radek Faksa.
7:39 of 2nd period - Shot Misses the Net.
7:49 of 2nd period - Brett Kulak is hit by Patrick Wiercioch and loses puck.
8:22 of 2nd period - Marcus Pettersson is hit by Daniel Audette and loses puck.
8:37 of 2nd period - Snap shot by Danny Kristo.
8:37 of 2nd period - Shot Misses the Net.
8:39 of 2nd period - Backhand shot by Dmitri Orlov.
8:39 of 2nd period - Shot Misses the Net.
8:41 of 2nd period - Slapshot by Marcus Pettersson.
8:41 of 2nd period - Shot Hit the Post.
9:34 of 2nd period - Phil Oreskovic is hit by Anton Blidh and loses puck.
10:32 of 2nd period - Brett Kulak is hit by Marcus Pettersson and loses puck.
11:19 of 2nd period - Icing by Noah Juulsen.
11:20 of 2nd period - Nicolas Roy wins face-off versus Vladislav Namestnikov in Punishers zone.
11:27 of 2nd period - Ian McCoshen is hit by Beck Malenstyn and loses puck.
11:49 of 2nd period - Slapshot by Lucas Lessio.
11:49 of 2nd period - Stopped by Daniel Altshuller without a rebound.
11:50 of 2nd period - Radek Faksa wins face-off versus Mathew Barzal in Punishers zone.
11:50 of 2nd period - Radek Faksa is hit by Lucas Lessio.
12:07 of 2nd period - Minor Penalty to Mathew Barzal for Hooking.
12:08 of 2nd period - Radek Faksa wins face-off versus Jesse Joensuu in Griffins zone.
12:20 of 2nd period - Brendan Woods is hit by Corey Tropp and loses puck.
12:39 of 2nd period - Dmitri Orlov is hit by Noah Juulsen and loses puck.
13:04 of 2nd period - Slapshot by Patrick Wiercioch.
13:04 of 2nd period - Shot Blocked by Artem Zub.
13:45 of 2nd period - John Quenneville is hit by Vladislav Namestnikov and loses puck.
14:07 of 2nd period - Penalty to Mathew Barzal is over, Mathew Barzal is back on ice.
14:24 of 2nd period - Snap shot by Martin Frk.
14:24 of 2nd period - Stopped by Daniel Altshuller without a rebound.
14:25 of 2nd period - Daniel Audette wins face-off versus Martin Frk in Punishers zone.
14:45 of 2nd period - Wrist shot by Garrett Wilson.
14:45 of 2nd period - Shot Misses the Net.
15:19 of 2nd period - John Quenneville is hit by Jesse Joensuu and loses puck.
16:02 of 2nd period - Wrist shot by Austen Brassard.
16:02 of 2nd period - Shot Misses the Net.
16:06 of 2nd period - Wrist shot by Daniel Audette.
16:06 of 2nd period - Shot Misses the Net.
16:08 of 2nd period - Slapshot by Austen Brassard.
16:08 of 2nd period - Shot Misses the Net.
17:09 of 2nd period - Greg McKegg is hit by Austen Brassard and loses puck.
17:32 of 2nd period - Garrett Wilson is hit by Anton Blidh.
17:54 of 2nd period - Filip Hronek is hit by John Quenneville.
18:06 of 2nd period - Dmitri Orlov is hit by Phillip Danault and loses puck.
18:15 of 2nd period - Phillip Danault is hit by Danny Kristo and loses puck.
18:59 of 2nd period - Snap shot by John Quenneville.
18:59 of 2nd period - Stopped by Olivier Roy with a rebound.
19:02 of 2nd period - Icing by Mathew Barzal.
19:03 of 2nd period - Mathew Barzal wins face-off versus Radek Faksa in Griffins zone.
19:12 of 2nd period - Adam Gaudette is hit by Radek Faksa and loses puck.
19:38 of 2nd period - Snap shot by Lucas Lessio.
19:38 of 2nd period - Stopped by Daniel Altshuller with a rebound.
19:40 of 2nd period - Snap shot by Mathew Barzal.
19:40 of 2nd period - Shot Misses the Net.
19:42 of 2nd period - Snap shot by Mathew Barzal.
19:42 of 2nd period - Stopped by Daniel Altshuller with a rebound.
19:44 of 2nd period - Snap shot by Lucas Lessio.
19:44 of 2nd period - Stopped by Daniel Altshuller without a rebound.
19:45 of 2nd period - Radek Faksa wins face-off versus Vladislav Namestnikov in Punishers zone.
19:52 of 2nd period - Wrist shot by Corey Tropp.
19:52 of 2nd period - Shot Misses the Net.
19:54 of 2nd period - Minor Penalty to Danny Kristo for Hooking.
19:55 of 2nd period - Radek Faksa wins face-off versus Jesse Joensuu in Griffins zone.
Goals for this period are 1 for Punishers vs 0 for Griffins.
Shots for this period are 7 for Punishers vs 11 for Griffins.
3rd period
0:01 of 3rd period - Radek Faksa wins face-off versus Jesse Joensuu in neutral zone.
0:06 of 3rd period - Wrist shot by Radek Faksa.
0:06 of 3rd period - Stopped by Olivier Roy with a rebound.
1:14 of 3rd period - Icing by Artem Zub.
1:15 of 3rd period - Vladislav Namestnikov wins face-off versus John Quenneville in Punishers zone.
1:18 of 3rd period - Snap shot by Lucas Lessio.
1:18 of 3rd period - Shot Blocked by Artem Zub.
1:54 of 3rd period - Penalty to Danny Kristo is over, Danny Kristo is back on ice.
1:57 of 3rd period - Wrist shot by Anton Blidh.
1:57 of 3rd period - Stopped by Olivier Roy without a rebound.
1:58 of 3rd period - Mathew Barzal wins face-off versus Daniel Audette in Griffins zone.
2:00 of 3rd period - Minor Penalty to Phil Oreskovic for Hooking.
2:01 of 3rd period - Radek Faksa wins face-off versus Jesse Joensuu in Griffins zone.
2:01 of 3rd period - Slapshot by Corey Tropp.
2:01 of 3rd period - Shot Misses the Net.
2:11 of 3rd period - Marcus Pettersson is hit by Brett Kulak and loses puck.
3:18 of 3rd period - Vladislav Namestnikov is hit by Phillip Danault and loses puck.
4:00 of 3rd period - Penalty to Phil Oreskovic is over, Phil Oreskovic is back on ice.
4:07 of 3rd period - Off-side.
4:08 of 3rd period - Martin Frk wins face-off versus Daniel Audette in neutral zone.
4:48 of 3rd period - Adam Gaudette is hit by Anton Blidh and loses puck.
5:05 of 3rd period - Mathew Barzal is hit by Anton Blidh and loses puck.
5:32 of 3rd period - Anton Blidh is hit by Mathew Barzal and loses puck.
5:49 of 3rd period - Snap shot by Adam Gaudette.
5:49 of 3rd period - Shot Misses the Net.
5:51 of 3rd period - Slapshot by Filip Hronek.
5:51 of 3rd period - Deflect By Adam Gaudette.
5:51 of 3rd period - Stopped by Daniel Altshuller without a rebound.
5:52 of 3rd period - Vladislav Namestnikov wins face-off versus Radek Faksa in Punishers zone.
6:18 of 3rd period - Wrist shot by Garrett Wilson.
6:18 of 3rd period - Stopped by Daniel Altshuller without a rebound.
6:19 of 3rd period - Martin Frk wins face-off versus John Quenneville in Punishers zone.
6:20 of 3rd period - Snap shot by Garrett Wilson.
6:20 of 3rd period - Stopped by Daniel Altshuller with a rebound.
7:18 of 3rd period - Brendan Woods is hit by Artem Zub and loses puck.
7:40 of 3rd period - Minor Penalty to John Quenneville for Goalie Interference.
7:41 of 3rd period - Corey Tropp wins face-off versus Mathew Barzal in Punishers zone.
8:41 of 3rd period - Wrist shot by Phillip Danault.
8:41 of 3rd period - Stopped by Olivier Roy with a rebound.
9:40 of 3rd period - Penalty to John Quenneville is over, John Quenneville is back on ice.
9:42 of 3rd period - Wrist shot by Garrett Wilson.
9:42 of 3rd period - Shot Blocked by Carter Ashton.
9:44 of 3rd period - Snap shot by Marcus Pettersson.
9:44 of 3rd period - Shot Blocked by Artem Zub.
9:46 of 3rd period - Slapshot by Dmitri Orlov.
9:46 of 3rd period - Shot Misses the Net.
9:48 of 3rd period - Wrist shot by Vladislav Namestnikov.
9:48 of 3rd period - Stopped by Daniel Altshuller with a rebound.
9:50 of 3rd period - Backhand shot by Dmitri Orlov.
9:50 of 3rd period - Stopped by Daniel Altshuller without a rebound.
9:51 of 3rd period - John Quenneville wins face-off versus Greg McKegg in Punishers zone.
9:51 of 3rd period - John Quenneville is hit by Phil Oreskovic.
10:11 of 3rd period - Minor Penalty to Patrick Wiercioch for Delaying the game.
10:12 of 3rd period - Jesse Joensuu wins face-off versus Radek Faksa in Griffins zone.
10:39 of 3rd period - Brendan Woods is hit by John Quenneville and loses puck.
10:46 of 3rd period - Snap shot by John Quenneville.
10:46 of 3rd period - Stopped by Olivier Roy with a rebound.
10:48 of 3rd period - Wrist shot by Artem Zub.
10:48 of 3rd period - Stopped by Olivier Roy without a rebound.
10:49 of 3rd period - Radek Faksa wins face-off versus Vladislav Namestnikov in Griffins zone.
11:19 of 3rd period - Off-side.
11:20 of 3rd period - Jesse Joensuu wins face-off versus John Quenneville in neutral zone.
11:23 of 3rd period - John Quenneville is hit by Brendan Woods and loses puck.
11:38 of 3rd period - Snap shot by Corey Tropp.
11:38 of 3rd period - Shot Blocked by Filip Hronek.
11:40 of 3rd period - Slapshot by Brett Kulak.
11:40 of 3rd period - Shot Blocked by Vladislav Namestnikov.
11:46 of 3rd period - Wrist shot by Radek Faksa.
11:46 of 3rd period - Shot Blocked by Phil Oreskovic.
12:00 of 3rd period - Snap shot by Carter Ashton.
12:00 of 3rd period - Shot Misses the Net.
12:02 of 3rd period - Snap shot by Oskar Lindblom.
12:02 of 3rd period - Deflect By John Quenneville.
12:02 of 3rd period - Shot Blocked by Phil Oreskovic.
12:02 of 3rd period - Puck is out of play.
12:03 of 3rd period - Jesse Joensuu wins face-off versus John Quenneville in Griffins zone.
12:11 of 3rd period - Penalty to Patrick Wiercioch is over, Patrick Wiercioch is back on ice.
12:18 of 3rd period - Marcus Pettersson is hit by Alex Petrovic and loses puck.
12:26 of 3rd period - Icing by Phillip Danault.
12:27 of 3rd period - Radek Faksa wins face-off versus Mathew Barzal in Punishers zone.
12:38 of 3rd period - Backhand shot by Corey Tropp.
12:38 of 3rd period - Stopped by Olivier Roy without a rebound.
12:39 of 3rd period - Radek Faksa wins face-off versus Vladislav Namestnikov in Griffins zone.
12:42 of 3rd period - Snap shot by Corey Tropp.
12:42 of 3rd period - Shot Misses the Net.
12:44 of 3rd period - Snap shot by Phillip Danault.
12:44 of 3rd period - Shot Misses the Net.
12:54 of 3rd period - Slapshot by Dmitri Orlov.
12:54 of 3rd period - Stopped by Daniel Altshuller without a rebound.
12:55 of 3rd period - Mathew Barzal wins face-off versus John Quenneville in Punishers zone.
13:10 of 3rd period - Wrist shot by Carter Ashton.
13:10 of 3rd period - Shot Misses the Net.
13:16 of 3rd period - John Quenneville is hit by Mathew Barzal and loses puck.
13:27 of 3rd period - Wrist shot by Garrett Wilson.
13:27 of 3rd period - Shot Misses the Net.
13:29 of 3rd period - Slapshot by Dmitri Orlov.
13:29 of 3rd period - Shot Misses the Net.
13:31 of 3rd period - Slapshot by Sonny Milano.
13:31 of 3rd period - Stopped by Daniel Altshuller without a rebound.
13:32 of 3rd period - Radek Faksa wins face-off versus Martin Frk in Punishers zone.
14:14 of 3rd period - Minor Penalty to Fredrik Claesson for Hooking.
14:15 of 3rd period - Corey Tropp wins face-off versus Mathew Barzal in Punishers zone.
16:14 of 3rd period - Penalty to Fredrik Claesson is over, Fredrik Claesson is back on ice.
17:28 of 3rd period - Snap shot by Carter Ashton.
17:28 of 3rd period - Deflect By Oskar Lindblom.
17:28 of 3rd period - Stopped by Olivier Roy without a rebound.
17:29 of 3rd period - Radek Faksa wins face-off versus Martin Frk in Griffins zone.
17:30 of 3rd period - Wrist shot by Corey Tropp.
17:30 of 3rd period - Stopped by Olivier Roy with a rebound.
17:32 of 3rd period - Snap shot by Radek Faksa.
17:32 of 3rd period - Shot Misses the Net.
17:34 of 3rd period - Snap shot by Corey Tropp.
17:34 of 3rd period - Deflect By Radek Faksa.
17:34 of 3rd period - Shot Misses the Net.
17:34 of 3rd period - Puck is out of play.
17:35 of 3rd period - Martin Frk wins face-off versus Radek Faksa in Griffins zone.
17:51 of 3rd period - Snap shot by Corey Tropp.
17:51 of 3rd period - Shot Blocked by Ian McCoshen.
18:02 of 3rd period - Off-side.
18:03 of 3rd period - Vladislav Namestnikov wins face-off versus Daniel Audette in neutral zone.
18:34 of 3rd period - Ian McCoshen is hit by Corey Tropp and loses puck.
18:39 of 3rd period - Wrist shot by Garrett Wilson.
18:39 of 3rd period - Stopped by Daniel Altshuller with a rebound.
18:47 of 3rd period - Minor Penalty to Michael Joly for Goalie Interference.
18:48 of 3rd period - Mathew Barzal wins face-off versus Corey Tropp in Punishers zone.
19:01 of 3rd period - Corey Tropp is hit by Lucas Lessio and loses puck.
19:26 of 3rd period - Snap shot by Carter Ashton.
19:26 of 3rd period - Shot Misses the Net.
19:52 of 3rd period - Anton Blidh is hit by Lucas Lessio and loses puck.
Goals for this period are 0 for Punishers vs 0 for Griffins.
Shots for this period are 8 for Punishers vs 8 for Griffins.
Overtime #1
0:01 of 1st overtime period - Jesse Joensuu wins face-off versus Corey Tropp in neutral zone.
0:04 of 1st overtime period - Slapshot by Marcus Pettersson.
0:04 of 1st overtime period - Stopped by Daniel Altshuller with a rebound.
0:10 of 1st overtime period - Snap shot by Danny Kristo.
0:10 of 1st overtime period - Stopped by Daniel Altshuller without a rebound.
0:11 of 1st overtime period - Corey Tropp wins face-off versus Danny Kristo in Punishers zone.
0:11 of 1st overtime period - Corey Tropp is hit by Danny Kristo.
0:47 of 1st overtime period - Penalty to Michael Joly is over, Michael Joly is back on ice.
1:27 of 1st overtime period - Slapshot by Alex Petrovic.
1:27 of 1st overtime period - Shot Misses the Net.
3:24 of 1st overtime period - Danny Kristo is hit by Gabriel Gagne and loses puck.
3:49 of 1st overtime period - Fredrik Claesson is hit by Mathew Barzal and loses puck.
3:59 of 1st overtime period - Off-side.
4:00 of 1st overtime period - Daniel Audette wins face-off versus Troy Terry in neutral zone.
4:05 of 1st overtime period - Wrist shot by Anton Blidh.
4:05 of 1st overtime period - Deflect By Daniel Audette.
4:05 of 1st overtime period - Shot Blocked by Dmitri Orlov.
4:05 of 1st overtime period - Puck is out of play.
4:06 of 1st overtime period - Daniel Audette wins face-off versus Jesse Joensuu in Griffins zone.
4:31 of 1st overtime period - Slapshot by Corey Tropp.
4:31 of 1st overtime period - Goal by Corey Tropp - Punishers : 2 - Griffins : 1.
Goals for this period are 1 for Punishers vs 0 for Griffins.
Shots for this period are 1 for Punishers vs 2 for Griffins.